 Dungeon Crawl Stone Soup version 0.21.1-1-g345015f (console) character file.

18525 toffzen the Grappler (level 12, 0/120 HPs)
             Began as a Troll Transmuter on Apr 12, 2018.
             Was an Elder of Wu Jian.
             Slain by a 15-headed hydra (9 damage)
             ... on level 11 of the Dungeon.
             The game lasted 01:06:14 (11329 turns).

toffzen the Grappler (Troll Transmuter)            Turns: 11329, Time: 01:06:15

Health: 0/120      AC: 10    Str: 21    XL:     12   Next: 28%
Magic:  12/12      EV: 17    Int:  9    God:    Wu Jian [****..]
Gold:   622        SH:  4    Dex: 14    Spells: 10/13 levels left

rFire    . . .     SeeInvis .     - Unarmed
rCold    + . .     Gourm    +   (no shield)
rNeg     . . .     Faith    .   K - +0 acid dragon scales
rPois    .         Spirit   .   (helmet restricted)
rElec    .         Reflect  +   C - +0 cloak
rCorr    +         Harm     .   (gloves unavailable)
MR       .....                  (boots unavailable)
Stlth    +.........             G - +4 amulet of reflection
HPRegen  0.70/turn              s - ring of protection from cold
MPRegen  0.13/turn              D - +3 ring of evasion

@: exhausted
A: large, unfitting armour, claws 3, fast metabolism 3, gourmand, regeneration
1, shaggy fur 1, tough skin 2
a: Wall Jump, Serpent's Lash, Renounce Religion


You were on level 11 of the Dungeon.
You worshipped Wu Jian.
Wu Jian was greatly pleased with you.
You were completely stuffed.

You visited 2 branches of the dungeon, and saw 12 of its levels.

You collected 622 gold pieces.

Inventory:

Hand Weapons
 i - a +0 hunting sling
Missiles
 a - 108 arrows
 t - 278 stones (quivered)
 v - 2 throwing nets
 L - 9 large rocks
Armour
 b - a +0 robe
 C - a +0 cloak (worn)
 K - +0 acid dragon scales (worn)
Jewellery
 s - a ring of protection from cold (left claw)
 D - a +3 ring of evasion (right claw)
 G - a +4 amulet of reflection (around neck)
 J - an uncursed ring of positive energy
Wands
 f - a wand of flame (78)
 m - a wand of acid (3)
 H - a wand of iceblast (6)
Scrolls
 h - a scroll of amnesia {unknown}
 j - 2 scrolls of magic mapping
 l - a scroll of noise {unknown}
 n - 3 scrolls of enchant weapon {unknown}
 o - a scroll of fear {unknown}
 r - 7 scrolls of remove curse
 w - 6 scrolls of teleportation
 B - a scroll of holy word {unknown}
 E - 2 scrolls of fog {unknown}
 F - 2 scrolls of enchant armour {unknown}
 I - a scroll of blinking {unknown}
Potions
 e - a potion of brilliance
 g - 3 potions of flight
 k - a potion of invisibility
 p - 3 potions of curing
 q - 2 potions of ambrosia
 u - a potion of mutation
 x - a potion of magic
 z - a potion of cancellation {unknown}
 A - a potion of degeneration {unknown}
Books
 c - a book of Changes

   Spells                             Type                      Level
   a - Beastly Appendage              Transmutation                1
   b - Sticks to Snakes               Transmutation                2
   c - Spider Form                    Transmutation/Poison         3
   d - Ice Form                       Ice/Transmutation            4
   e - Blade Hands                    Transmutation                5
 y - a book of Air

   Spells                             Type                      Level
   a - Shock                          Conjuration/Air              1
   b - Swiftness                      Charms/Air                   2
   c - Static Discharge               Conjuration/Air              3
   d - Airstrike                      Air                          4
   e - Lightning Bolt                 Conjuration/Air              5
Comestibles
 d - 21 rations
 M - 10 chunks of flesh


   Skills:
 + Level 8.2 Fighting
 + Level 8.5 Dodging
 * Level 13.7 Unarmed Combat
 - Level 1.2 Spellcasting
 - Level 4.8 Transmutations


You had 10 spell levels left.
You knew the following spells:

 Your Spells              Type           Power        Failure   Level  Hunger
a - Beastly Appendage     Tmut           #.....       6%          1    ##.....
b - Sticks to Snakes      Tmut           #.......     10%         2    ###....


Dungeon Overview and Level Annotations

Branches:
Dungeon (11/15)            Temple (1/1) D:4            Lair (0/6) D:11
    Orc: D:9-12

Altars:
Ashenzari
Cheibriados
Dithmenos
Elyvilon
Fedhas
Gozag
Hepliaklqana
Kikubaaqudgha
Makhleb
Nemelex Xobeh
Okawaru
Qazlal
Ru
Sif Muna
Trog
Uskayaw
Vehumet
Wu Jian
Xom
Yredelemnul
Zin
The Shining One

Shops:
D:6 *   D:7 *

Annotations:
D:3 exclusion: downstairs
D:4 Blork the orc
D:5 exclusion: upstairs


Innate Abilities, Weirdness & Mutations

You are too large for most types of armour.
You have claws for hands.
Your metabolism is lightning-fast.
You like to eat raw meat.
Your natural rate of healing is unusually fast.
You are covered in fur. (AC +1)
You have very tough skin. (AC +2)


Message History

Unknown command.
Okay, then.
Unknown command.
Unknown command.
Okay, then.
You tear one of the 14-headed hydra's heads off!
The 13-headed hydra grows two more!
You claw the 15-headed hydra!
The 15-headed hydra is almost dead.
The 15-headed hydra misses you. The 15-headed hydra closely misses you.
You block the 15-headed hydra's attack. The 15-headed hydra bites you!
* * * LOW HITPOINT WARNING * * *
The 15-headed hydra barely misses you. The 15-headed hydra bites you.
* * * LOW HITPOINT WARNING * * *
The 15-headed hydra completely misses you.
The 15-headed hydra bites you but does no damage.
The 15-headed hydra completely misses you.
The 15-headed hydra bites you.
* * * LOW HITPOINT WARNING * * *
The 15-headed hydra bites you!
You die...

).....# #.......#'#####'#....#
##...##.?
##...................## ..... ..
#...................... ....##..
##......######..)......
.....##.##.......#....#.........
#.....#.........#....##'##....#
#...(..........'........#....#
#............D#........#....#
..#...........@.#........#....#
u.(.(............#........#.....
...#.............#..>.....#.....
.. #.......÷.....##########.....
$ #..⌠..........................
#..#.(##.#.....................
..?#..8..#.....................
!$ ###..##.....................
#...#.....................#


You could see a 15-headed hydra.

Vanquished Creatures
  A hydra (D:11)
  The ghost of keltmir the Thaumaturge, a journeyman GnSk of Okawaru (D:9)
  Erica (D:9)
  3 two-headed ogres
  The ghost of ZomBoFoB the Skirmisher, a novice OgGl of the Shining One (D:7)
  Pikel (D:5)
  7 ugly things (D:11)
  2 cyclopes (D:11)
  A gargoyle (D:10)
  The ghost of lyrx the Destroyer, a novice DsCj of Vehumet (D:6)
  3 trolls
  The ghost of Totori the Sneak, an amateur OpWn of Kikubaaqudgha (D:4)
  Grinder (D:5)
  3 hippogriffs
  A shadow (D:11)
  A yak (D:11)
  Sigmund (D:4)
  Eustachio (D:5)
  2 hungry ghosts
  A vampire mosquito (D:11)
  A naga (shapeshifter) (D:11)
  An acid dragon (D:11)
  A water moccasin (D:11)
  A slave (D:5)
  6 orc warriors
  5 ice beasts
  3 phantoms
  4 sky beasts
  2 necrophages
  2 black bears
  6 ogres
  2 centaurs
  A big kobold (D:11)
  A crocodile (D:11)
  10 bullfrogs
  A water moccasin zombie (D:8)
  A wyvern skeleton (D:11)
  5 scorpions
  4 wights (D:9)
  5 howler monkeys
  5 centaur zombies
  4 crimson imps
  A bullfrog zombie (D:6)
  A quasit (D:11)
  A centaur skeleton (D:8)
  6 hounds
  3 jellies
  3 bullfrog skeletons
  9 orc priests
  9 orc wizards
  2 iguanas (D:7)
  Natasha (thrice) (D:3)
  12 worker ants
  2 hound zombies
  2 hound skeletons
  A howler monkey zombie (D:10)
  3 worker ant zombies
  Robin (D:2)
  15 adders
  7 gnolls
  3 shadow imps
  5 oozes
  2 adder zombies
  3 worms
  4 dart slugs
  4 leopard geckos
  34 orcs
  5 giant cockroaches
  10 goblins
  16 hobgoblins
  21 jackals
  6 quokkas
  2 ball pythons
  13 bats
  10 frilled lizards
  A giant cockroach zombie (D:5)
  A jackal skeleton (D:4)
  6 kobolds
  A leopard gecko skeleton (D:4)
  2 quokka skeletons
  8 rats
343 creatures vanquished.

Notes
Turn   | Place    | Note
-------+----------+-------------------------------------------
     0 | D:1      | toffzen the Troll Transmuter began the quest for the Orb.
     0 | D:1      | Reached XP level 1. HP: 18/18 MP: 1/1
    60 | D:1      | Reached skill level 1 in Fighting
    61 | D:1      | Reached XP level 2. HP: 21/27 MP: 2/2
   265 | D:1      | Reached XP level 3. HP: 33/33 MP: 3/3
   960 | D:2      | Reached XP level 4. HP: 40/41 MP: 4/4
  1091 | D:2      | Reached skill level 4 in Unarmed Combat
  1249 | D:2      | Noticed Robin
  1274 | D:2      | Killed Robin
  1349 | D:3      | Noticed Natasha
  1480 | D:3      | Killed Natasha
  1480 | D:3      | Reached XP level 5. HP: 45/49 MP: 5/5
  1811 | D:3      | Noticed Natasha
  1819 | D:3      | Killed Natasha
  1841 | D:3      | Reached XP level 6. HP: 57/57 MP: 6/6
  1976 | D:3      | Reached skill level 5 in Unarmed Combat
  1984 | D:3      | Learned a level 2 spell: Sticks to Snakes
  2105 | D:3      | Noticed Natasha
  2112 | D:3      | Killed Natasha
  2493 | D:4      | Noticed Totori's ghost (amateur OpWn)
  2528 | D:4      | Found a staircase to the Ecumenical Temple.
  2534 | D:3      | Reached XP level 7. HP: 62/66 MP: 7/7
  2726 | Temple   | Entered the Ecumenical Temple
  3044 | Temple   | Became a worshipper of the Wu Jian Council
  3094 | D:4      | Reached skill level 6 in Unarmed Combat
  3195 | D:4      | Killed Totori's ghost
  3234 | D:4      | Noticed Sigmund
  3387 | D:4      | Killed Sigmund
  3387 | D:4      | Reached XP level 8. HP: 70/75 MP: 8/8
  3528 | D:4      | Noticed Blork the orc
  3537 | D:5      | Entered Level 5 of the Dungeon
  3567 | D:5      | Noticed Pikel
  3597 | D:5      | Killed Pikel
  3597 | D:5      | Reached skill level 7 in Unarmed Combat
  3643 | D:5      | Noticed Eustachio
  3657 | D:5      | Killed Eustachio
  3846 | D:5      | Reached * piety under Wu Jian
  3908 | D:5      | Found a glowing golden altar of the Shining One.
  4012 | D:5      | Reached skill level 8 in Unarmed Combat
  4147 | D:5      | Reached XP level 9. HP: 75/84 MP: 9/9
  4154 | D:5      | Noticed Grinder
  4156 | D:5      | Paralysed by Grinder for 2 turns
  4171 | D:5      | Paralysed by Grinder for 5 turns
  4179 | D:5      | Killed Grinder
  4701 | D:6      | Noticed lyrx's ghost (novice DsCj)
  4719 | D:6      | Killed lyrx's ghost
  4719 | D:6      | Reached skill level 5 in Dodging
  4903 | D:6      | Found Xakk's General Store.
  4925 | D:6      | Reached skill level 9 in Unarmed Combat
  5161 | D:6      | Reached skill level 5 in Fighting
  5609 | D:7      | Noticed ZomBoFoB's ghost (novice OgGl)
  5894 | D:7      | Killed ZomBoFoB's ghost
  5894 | D:7      | Reached XP level 10. HP: 44/96 MP: 10/10
  6175 | D:7      | Reached ** piety under Wu Jian
  6344 | D:7      | Reached skill level 10 in Unarmed Combat
  6460 | D:7      | Found Webliw's General Store.
  8276 | D:9      | Noticed Erica
  8285 | D:9      | Killed Erica
  8285 | D:9      | Reached skill level 11 in Unarmed Combat
  8296 | D:9      | Reached *** piety under Wu Jian
  8493 | D:9      | Found an ancient bone altar of Kikubaaqudgha.
  8657 | D:9      | Noticed a two-headed ogre
  8822 | D:9      | Killed a two-headed ogre
  8822 | D:9      | Reached XP level 11. HP: 72/107 MP: 11/11
  8951 | D:9      | Noticed a two-headed ogre
  8966 | D:9      | Killed a two-headed ogre
  8990 | D:9      | Noticed keltmir's ghost (journeyman GnSk)
  9021 | D:9      | Killed keltmir's ghost
  9443 | D:10     | Entered Level 10 of the Dungeon
  9491 | D:10     | Reached skill level 12 in Unarmed Combat
  9874 | D:10     | Noticed a two-headed ogre
  9884 | D:10     | Killed a two-headed ogre
  9948 | D:11     | Noticed a seven-headed hydra
  9952 | D:11     | Noticed a purple ugly thing
 10100 | D:11     | Reached **** piety under Wu Jian
 10214 | D:11     | Found a staircase to the Lair.
 10536 | D:11     | Noticed a white ugly thing
 10537 | D:11     | Noticed a six-headed hydra
 10543 | D:11     | Noticed a cyan ugly thing
 10544 | D:11     | Noticed a green ugly thing
 10544 | D:11     | Killed a ten-headed hydra
 10555 | D:11     | Killed a white ugly thing
 10585 | D:11     | Killed a green ugly thing
 10585 | D:11     | Reached skill level 13 in Unarmed Combat
 10588 | D:11     | Killed a red ugly thing
 10804 | D:11     | Reached XP level 12. HP: 102/119 MP: 12/12
 11329 | D:11     | Slain by a 15-headed hydra

Skill      XL: |  1  2  3  4  5  6  7  8  9 10 11 12 |
---------------+-------------------------------------+-----
Fighting       | 1 2 3 4 5 6 7 8 |  8.2
Dodging        | 2 3 4 5 6 8 |  8.5
Unarmed Combat | 4 5 6 8 9 11 13 | 13.7
Transmutations | 2 3 4 |  4.8
Spellcasting   | |  1.2

Action                   |  1- 3 |  4- 6 |  7- 9 | 10-12 || total
-------------------------+-------+-------+-------+-------++-------
Melee: Unarmed           |   112 |   192 |   296 |   534 ||  1134
       Punch             |     3 |     6 |    11 |    27 ||    47
Throw: Stone             |       |     5 |     1 |    52 ||    58
 Cast: Sticks to Snakes  |       |       |     1 |       ||     1
Invok: Lunge             |       |       |    41 |   126 ||   167
       Whirlwind         |       |       |     7 |    99 ||   106
       Wall Jump         |       |       |       |    47 ||    47
       Serpent's Lash    |       |       |       |     4 ||     4
Evoke: Wand              |       |       |     5 |     7 ||    12
  Use: Scroll            |       |     1 |     9 |     6 ||    16
       Potion            |       |       |     6 |       ||     6
 Stab: Sleeping          |       |     2 |     1 |       ||     3
       Invisible         |       |       |     1 |       ||     1
  Eat: Chunk             |    14 |    15 |    30 |    52 ||   111
Armor: Robe              |    29 |    48 |    46 |    33 ||   156
       Skin              |       |       |     6 |       ||     6
       Acid dragon scale |       |       |       |    29 ||    29
Dodge: Dodged            |    54 |    91 |   130 |   219 ||   494
Block: Other             |       |       |       |    48 ||    48
       Reflection        |       |       |       |     3 ||     3
